Map: Troizinia LE

Players

Infamous - Winner!

  • Race: Protoss Protoss
  • League: Silver
  • Spawn Location: 9:00

recoil - Winner!

  • Race: Terran Terran
  • Spawn Location: 11:00

Rezman - Winner!

  • Race: Zerg Zerg
  • Spawn Location: 12:00

Moog - Winner!

  • Race: Zerg Zerg
  • Spawn Location: 11:00

Shane

  • Race: Protoss Protoss
  • Spawn Location: 6:00

Yato

  • Race: Terran Terran
  • League: Silver
  • Spawn Location: 5:00

Gonadus

  • Race: Terran Terran
  • Spawn Location: 5:00

Matthew

  • Race: Protoss Protoss
  • Spawn Location: 3:00

VOD

Have the link to the VOD?

Description

Time

  • Played on: March 22, 2018, 9:50 a.m.
  • Length: 11:39
Show
View Real Time Build Order
Export as new Build Order

Infamous Protoss - Winner!

Build Orders: Dark Templar Rush 

Get SALT Encoding   

  12  0:01  Probe  
  13  0:13  Probe  
  14  0:17  Pylon  
  14  0:25  Probe  
  15  0:37  Gateway  
  15  0:38  Probe  
  16  0:51  Probe (Chrono Boost)  
  17  0:57  Assimilator  
  17  1:03  Probe (Chrono Boost)  
  19  1:11  Probe (Chrono Boost)  
  20  1:20  Probe (Chrono Boost)  
  20  1:24  Probe (Chrono Boost), Cybernetics Core  
  21  1:35  Probe  
  21  1:36  Assimilator  
  22  1:41  Pylon  
  22  1:51  Probe  
  23  1:59  Zealot  
  25  2:03  Probe  
  25  2:04  Twilight Council  
  26  2:09  Warp Gate (Chrono Boost)  
  26  2:16  Probe  
  27  2:28  Pylon  
  27  2:30  Probe  
  27  2:49  Probe  
  27  2:50  Templar Archives  
  28  3:01  Gateway  
  28  3:02  Probe (Chrono Boost)  
  28  3:03  Gateway  
  29  3:08  Robotics Facility  
  29  3:14  Probe (Chrono Boost)  
  30  3:29  Probe  
  30  3:34  Nexus  
  31  3:39  Pylon  
  31  3:41  Probe  
  32  3:50  Dark Shrine  
  32  4:00  Probe, Forge  
  33  4:19  Gateway  
  33  4:24  Gateway  
  33  4:27  Gateway  
  33  4:31  Probe  
  33  4:36  Warp Prism  
  36  4:43  Probe (Chrono Boost)  
  37  4:51  Probe (Chrono Boost)  
  39  4:54  Probe (Chrono Boost)  
  39  4:59  Probe (Chrono Boost)  
  40  5:04  Probe x2 (Chrono Boost)  
  40  5:06  Shadow Stride  
  42  5:09  Dark Templar  
  44  5:32  Probe  
  45  5:37  Assimilator  
  45  5:38  Pylon  
  45  5:42  Assimilator  
  45  5:44  Pylon  
  45  5:46  Shield Battery  
  45  5:47  Pylon  
  45  5:48  Photon Cannon  
  43  6:05  Dark Templar  
  43  6:06  Dark Templar x3  
  49  6:24  Stalker x2  
  53  6:27  Immortal  
  55  6:36  Shield Battery  
  51  6:40  Photon Cannon  
  51  6:42  Photon Cannon  
  51  6:47  Pylon, Sentry  
  51  6:48  Zealot  
  51  6:49  Zealot x2  
  51  6:50  Zealot x2  
  63  7:09  Adept x2  
  63  7:10  Adept x4  
  75  7:31  Dark Templar  
  75  7:32  Dark Templar  
  75  7:34  Zealot  
  75  7:35  Zealot x2  
  75  7:36  Zealot  
  81  7:47  High Templar  
  81  7:51  Adept x2  
  83  8:00  Immortal (Chrono Boost)  
  83  8:03  Protoss Ground Weapons Level 1 (Chrono Boost)  
  85  8:21  Pylon  
  85  8:26  Pylon  
  85  8:30  Probe x2, Shield Battery  
  85  8:31  Photon Cannon  
  87  8:35  Photon Cannon  
  87  8:39  Photon Cannon, High Templar x2  
  91  8:54  Archon  
  91  9:01  Robotics Bay, Zealot x4  
  91  9:02  Charge (Chrono Boost)  
  99  9:07  Probe (Chrono Boost)  
  99  9:08  Probe (Chrono Boost)  
  101  9:30  Stalker x4  
  109  9:54  Nexus  
  73  10:37  Stalker x5  
  73  10:38  Stalker  
  71  10:59  Observer  
  72  11:10  High Templar x3  
  72  11:11  High Templar x2  
  82  11:16  Probe  
Show
View Real Time Build Order
Export as new Build Order

recoil Terran - Winner!

Build Orders: 1/1/1, Hellion Opening, MMM Bio 

Get SALT Encoding   

  12  0:01  SCV  
  13  0:13  SCV  
  14  0:17  Supply Depot  
  14  0:25  SCV  
  15  0:29  Refinery  
  15  0:39  SCV  
  16  0:46  Barracks  
  16  0:51  SCV  
  17  1:03  SCV  
  18  1:15  SCV  
  19  1:33  Orbital Command  
  19  1:36  Marine, Factory  
  20  1:53  Supply Depot  
  20  1:55  Barracks Reactor  
  20  2:01  SCV  
  21  2:06  Refinery  
  21  2:13  SCV  
  22  2:16  Supply Depot  
  22  2:26  Starport  
  23  2:30  SCV  
  23  2:42  SCV  
  23  2:43  Supply Depot  
  23  2:44  Hellion x2  
  28  2:47  Barracks Reactor  
  28  2:54  SCV  
  29  3:05  Hellion x2, Starport Reactor  
  33  3:06  SCV  
  33  3:09  Barracks  
  34  3:15  Supply Depot  
  34  3:18  SCV  
  35  3:26  Hellion x2  
  39  3:33  SCV  
  40  3:38  Marine x2  
  40  3:40  Supply Depot  
  42  3:46  SCV  
  43  4:12  Marine x2  
  45  4:30  Marine x2  
  47  4:36  Factory Reactor  
  47  4:38  Barracks, Barracks Tech Lab  
  47  4:48  Marine x2  
  49  4:56  SCV  
  50  5:02  Command Center  
  50  5:03  Marine  
  50  5:05  Marine  
  50  5:06  Marine  
  53  5:09  SCV  
  54  5:21  Marine, SCV  
  55  5:23  Marine x2  
  58  5:30  Supply Depot  
  54  5:39  Marine  
  54  5:41  Marine x2  
  55  5:44  Engineering Bay  
  55  5:52  Barracks Tech Lab  
  55  5:53  Stimpack  
  55  5:54  Barracks Reactor  
  55  5:55  Barracks  
  53  5:59  Supply Depot  
  53  6:02  Supply Depot  
  53  6:09  Medivac x2  
  53  6:10  Engineering Bay  
  53  6:11  Marine x3  
  57  6:12  Barracks  
  57  6:14  Factory Tech Lab  
  60  6:25  Factory  
  60  6:28  Missile Turret  
  60  6:29  Marine  
  61  6:41  Missile Turret  
  61  6:57  Missile Turret  
  61  7:12  Marine x4  
  65  7:22  Refinery, Orbital Command  
  65  7:24  Factory Tech Lab  
  65  7:25  Refinery  
  65  7:33  Marine, Missile Turret  
  66  7:37  SCV  
  67  7:45  Marine x2  
  67  7:46  Marine x2  
  67  7:49  SCV  
  72  7:57  Marine x5  
  77  8:03  Marine  
  70  8:14  Marine x4  
  70  8:15  Marine x2, Combat Shields  
  76  8:21  Siege Tank x2  
  76  8:23  Medivac  
  84  8:29  SCV  
  84  8:30  SCV  
  86  8:37  Marine x2  
  86  8:38  Marine x2  
  90  8:42  SCV  
  90  8:52  Marine x5  
  90  8:55  SCV  
  96  8:56  SCV  
  96  9:00  Marine  
  96  9:01  Marine  
  99  9:07  SCV  
  99  9:08  SCV, Terran Infantry Weapons Level 1, Terran Infantry Armor Level 1  
  101  9:13  Armory  
  101  9:14  Marine  
  102  9:27  Medivac, SCV x2  
  102  9:28  Supply Depot  
  106  9:43  Marine  
  106  9:44  Marine x3  
  110  9:48  Marine x3  
  110  9:49  Marine x2  
  110  9:51  Supply Depot  
  108  10:01  Marine x4  
  108  10:04  Medivac x2  
  116  10:14  Supply Depot  
  116  10:18  Command Center  
  116  10:34  Marine, Medivac  
  116  10:35  Marine x6  
  125  10:38  Supply Depot  
  125  10:47  Marine  
  125  10:48  Siege Tank  
  125  10:49  Siege Tank  
  132  10:52  Medivac  
  134  10:59  Marine x3  
  145  11:37  Supply Depot  
Show
View Real Time Build Order
Export as new Build Order

Rezman Zerg - Winner!

Build Orders: Pool First 

Get SALT Encoding   

  6  2:33  Spawning Pool  
  6  2:35  Drone x2  
  6  2:36  Drone  
  8  2:45  Extractor  
  7  3:05  Drone x2  
  7  3:10  Hatchery  
  8  3:16  Hatchery  
  8  3:17  Extractor  
  8  3:18  Drone  
  7  3:21  Drone  
  7  3:23  Queen  
  10  3:44  Drone x2  
  12  3:56  Overlord  
  12  4:04  Drone  
  13  4:19  Overlord  
  13  4:22  Lair  
  13  4:29  Drone  
  14  4:33  Drone  
  15  4:51  Drone x2  
  17  4:54  Drone  
  18  5:01  Drone  
  19  5:09  Drone  
  20  5:15  Drone  
  20  5:20  Drone  
  22  5:40  Overlord x2  
  22  5:48  Hydralisk Den  
  21  5:53  Drone x2  
  23  5:57  Drone  
  23  6:01  Drone  
  25  6:05  Zergling x2  
  26  6:16  Queen  
  28  6:19  Drone  
  28  6:23  Drone  
  30  6:31  Drone x2  
  32  6:38  Muscular Augments  
  32  6:51  Drone x3  
  35  6:56  Overseer x2  
  35  7:01  Pneumatized Carapace  
  35  7:12  Extractor  
  35  7:15  Extractor  
  33  7:16  Hydralisk x3  
  39  7:23  Drone x2  
  39  7:24  Drone  
  39  7:29  Drone  
  43  7:34  Queen  
  45  7:45  Overlord x3  
  45  7:49  Grooved Spines  
  45  8:01  Drone x2  
  45  8:02  Drone  
  48  8:31  Hydralisk x2  
  52  8:42  Hydralisk x4  
  52  8:43  Hydralisk x6  
  72  8:54  Extractor  
  71  8:58  Extractor  
  70  9:05  Drone x2  
  70  9:06  Drone  
  73  9:12  Overlord x4  
  73  9:27  Hydralisk  
  73  9:28  Hydralisk  
  77  9:36  Drone x3  
  80  9:38  Hydralisk x2  
  84  9:46  Drone  
  84  9:47  Drone x2  
  87  11:10  Hydralisk x2  
  87  11:11  Hydralisk x6  
Show
View Real Time Build Order
Export as new Build Order

Moog Zerg - Winner!

Build Orders: Hatch First 

Get SALT Encoding   

  12  0:03  Drone  
  13  0:22  Drone  
  14  0:37  Hatchery  
  14  0:41  Drone  
  14  0:54  Overlord  
  14  1:00  Extractor  
  14  1:01  Drone  
  14  1:28  Spawning Pool  
  13  1:39  Drone x3  
  16  1:53  Drone x2  
  18  2:03  Drone x2  
  20  2:13  Drone x2  
  22  2:15  Metabolic Boost  
  22  2:23  Zergling x4  
  24  2:33  Queen  
  24  2:35  Zergling x2  
  24  2:36  Zergling x2  
  28  2:54  Overlord x2  
  28  3:12  Overlord  
  28  3:18  Lair  
  28  3:20  Zergling x8  
  28  3:21  Zergling x2  
  33  3:40  Zergling x6  
  36  3:45  Hatchery  
  32  5:10  Drone x3  
  32  5:11  Drone x4  
  39  5:19  Spire  
  37  5:26  Extractor  
  33  5:28  Hatchery x2  
  33  5:31  Overseer  
  33  5:34  Pneumatized Carapace  
  29  5:39  Extractor  
  29  5:41  Extractor  
  25  5:55  Drone x7  
  25  5:56  Drone x2  
  33  6:08  Drone  
  33  6:09  Drone x2  
  36  6:36  Drone x2  
  36  6:37  Drone x4  
  42  6:53  Extractor  
  41  6:59  Mutalisk  
  41  7:00  Mutalisk x6  
  55  7:02  Extractor, Overlord x2  
  55  7:03  Overlord  
  55  7:04  Drone x2, Hatchery  
  55  7:16  Zerg Flyer Weapons Level 1  
  55  7:27  Overseer  
  55  7:37  Mutalisk x3  
  61  7:47  Mutalisk x2  
  61  7:49  Drone x6  
  61  7:50  Drone  
  72  8:07  Overlord x2  
  72  8:08  Drone x3  
  72  8:09  Drone  
  76  8:18  Mutalisk x2  
  80  8:25  Mutalisk x2  
  84  8:27  Mutalisk  
  86  9:07  Mutalisk  
  86  9:08  Mutalisk x7  
  86  9:09  Overlord x2  
  100  9:10  Drone x2  
  100  9:11  Drone x3  
  105  9:25  Drone x5  
  105  9:26  Drone x4  
  114  9:41  Mutalisk x4  
  114  9:42  Mutalisk, Overlord  
  114  9:44  Drone  
  125  10:13  Mutalisk x2  
  125  10:14  Mutalisk x4  
  127  10:16  Overlord x2  
  127  10:17  Drone x3  
  140  10:29  Overlord x4  
  140  10:31  Overlord x7  
  140  10:47  Extractor  
  140  10:48  Extractor  
  138  11:11  Mutalisk x3  
  138  11:12  Mutalisk x6  
  138  11:14  Overlord x2  
Show
View Real Time Build Order
Export as new Build Order

Shane Protoss 

Build Orders:  

Get SALT Encoding   

  12  0:02  Probe (Chrono Boost)  
  13  0:17  Probe (Chrono Boost)  
  14  0:28  Probe  
  15  0:35  Pylon  
  15  0:42  Assimilator  
  15  1:04  Gateway  
  15  1:14  Nexus  
  15  1:38  Probe  
  16  1:50  Probe  
  16  1:52  Forge  
  17  2:02  Probe (Chrono Boost)  
  18  2:13  Probe (Chrono Boost)  
  19  2:18  Probe (Chrono Boost)  
  20  2:28  Probe  
  21  2:30  Photon Cannon  
  21  2:31  Zealot  
  23  2:40  Probe (Chrono Boost)  
  25  2:46  Probe (Chrono Boost)  
  25  2:50  Probe (Chrono Boost)  
  26  2:52  Assimilator  
  28  2:58  Zealot  
  28  2:59  Pylon  
  28  3:05  Probe (Chrono Boost)  
  29  3:12  Probe (Chrono Boost)  
  31  3:14  Probe (Chrono Boost)  
  31  3:24  Probe, Cybernetics Core  
  32  3:28  Pylon  
  32  3:35  Pylon  
  32  3:36  Probe  
  32  3:40  Assimilator  
  33  3:49  Assimilator  
  33  3:52  Pylon  
  33  3:54  Probe (Chrono Boost)  
  34  4:04  Probe (Chrono Boost)  
  34  4:07  Stargate  
  34  4:09  Probe (Chrono Boost)  
  35  4:13  Pylon  
  35  4:20  Probe  
  28  4:26  Photon Cannon  
  15  4:32  Probe  
  12  4:45  Photon Cannon  
  10  4:58  Probe (Chrono Boost)  
  11  5:10  Probe (Chrono Boost)  
  11  5:14  Void Ray  
  16  5:19  Probe (Chrono Boost)  
  17  5:24  Probe (Chrono Boost)  
  17  5:27  Probe (Chrono Boost)  
  19  5:32  Probe (Chrono Boost)  
  19  5:35  Probe (Chrono Boost)  
  21  5:43  Probe  
  22  5:55  Probe  
  21  6:04  Stargate  
  21  6:07  Probe  
  21  6:19  Probe  
  20  6:32  Probe  
  15  6:44  Probe  
  16  6:51  Void Ray  
  20  6:56  Probe  
  21  7:27  Probe (Chrono Boost)  
  23  7:37  Probe (Chrono Boost)  
  23  7:42  Probe (Chrono Boost)  
  24  7:54  Probe  
  25  8:12  Void Ray  
  19  8:30  Void Ray  
  23  9:15  Photon Cannon  
  23  9:18  Void Ray x2  
Show
View Real Time Build Order
Export as new Build Order

Yato Terran 

Build Orders:  

Get SALT Encoding   

  12  0:01  SCV  
  13  0:13  SCV  
  14  0:21  Supply Depot  
  14  0:31  SCV  
  15  0:47  Barracks  
  15  0:48  SCV  
  16  1:00  SCV  
  17  1:16  SCV  
  18  1:26  Refinery  
  18  1:27  Command Center  
  18  1:46  Refinery  
  18  1:47  Marine  
  19  2:05  Supply Depot  
  19  2:19  SCV  
  20  2:31  SCV  
  20  2:33  Command Center  
  21  2:43  SCV  
  22  2:53  SCV  
  22  2:54  Factory  
  23  2:59  SCV  
  23  3:05  SCV  
  25  3:11  SCV  
  26  3:17  SCV  
  26  3:18  Refinery  
  27  3:35  Factory  
  27  3:36  SCV x2  
  30  3:48  SCV  
  30  3:52  Factory Reactor  
  30  3:53  Factory  
  10  5:06  Widow Mine x2  
  14  7:01  SCV  
  14  7:22  Orbital Command  
  16  8:20  Widow Mine x2  
  18  8:35  SCV  
  21  8:41  Widow Mine x2  
  21  8:47  SCV  
  24  8:48  Engineering Bay  
  24  8:59  SCV  
  24  9:01  Factory Reactor  
  27  9:03  Widow Mine x2  
  29  9:11  SCV  
  30  9:23  SCV  
  33  9:24  Widow Mine x2  
  35  9:40  Marine  
  35  9:45  Hellion, Widow Mine x2  
  42  9:46  Widow Mine  
  44  9:58  Marine  
  45  10:09  Supply Depot  
  45  10:16  Marine  
  46  10:24  Widow Mine  
  46  10:26  Widow Mine x3  
  40  10:34  Marine  
  37  10:36  Missile Turret  
  21  10:46  Widow Mine  
  21  10:47  Widow Mine  
  21  10:48  Hellion  
  15  10:51  Marine  
  15  10:55  Hellion  
Show
View Real Time Build Order
Export as new Build Order

Gonadus Terran 

Build Orders:  

Get SALT Encoding   

  12  0:06  SCV  
  13  0:19  Supply Depot  
  13  0:23  SCV  
  14  0:35  SCV  
  15  0:45  Supply Depot  
  15  0:47  SCV  
  15  0:49  Refinery  
  16  0:56  Refinery  
  16  0:59  SCV  
  17  1:11  SCV  
  17  1:15  Barracks  
  18  1:24  Supply Depot  
  18  1:29  SCV  
  19  1:41  SCV  
  20  1:52  Engineering Bay  
  20  1:53  SCV  
  21  2:04  Supply Depot  
  21  2:08  Engineering Bay  
  21  2:12  Barracks Tech Lab  
  21  2:21  SCV  
  22  2:33  SCV  
  23  2:45  Command Center, SCV  
  23  2:48  Reaper  
  25  3:07  Orbital Command  
  25  3:20  Marine  
  26  3:30  Factory  
  26  3:37  Marine  
  27  3:55  Marine  
  28  4:04  Planetary Fortress  
  26  4:15  Marine  
  26  4:32  Marine  
  26  4:33  Factory Tech Lab  
  6  4:50  Marine  
  5  5:08  Marine  
Show
View Real Time Build Order
Export as new Build Order

Matthew Protoss 

Build Orders: Dark Templar Rush 

Get SALT Encoding   

  12  0:03  Probe  
  13  0:15  Probe  
  13  0:18  Pylon  
  14  0:27  Probe  
  15  0:39  Probe  
  15  0:41  Gateway  
  16  0:51  Probe  
  16  0:55  Assimilator  
  17  0:59  Assimilator  
  17  1:03  Probe  
  18  1:15  Probe  
  19  1:27  Probe  
  20  1:32  Cybernetics Core  
  20  1:36  Forge  
  20  1:39  Probe  
  21  1:43  Pylon  
  21  1:49  Pylon  
  21  1:57  Probe  
  22  2:09  Probe  
  22  2:11  Twilight Council  
  23  3:01  Pylon  
  23  3:04  Pylon  
  23  3:05  Nexus  
  23  3:09  Photon Cannon  
  23  3:29  Photon Cannon  
  23  3:32  Protoss Shields Level 1  
  23  3:38  Dark Shrine  
  23  4:05  Gateway  
  23  4:06  Gateway  
  23  4:07  Warp Gate (Chrono Boost)  
  23  4:09  Gateway x2  
  23  4:34  Pylon  
  23  4:36  Pylon  
  23  4:43  Pylon  
  25  4:54  Dark Templar (Chrono Boost)  
  25  4:55  Dark Templar (Chrono Boost)  
  31  5:00  Dark Templar (Chrono Boost)  
  31  5:05  Dark Templar (Chrono Boost)  
  8  5:55  Probe  
  9  6:07  Probe  
  10  6:19  Probe  
  11  6:31  Probe  
  12  6:43  Probe  
  13  6:56  Probe  
  14  7:08  Probe  
  15  7:20  Probe  
  16  7:32  Probe  
  17  7:44  Probe  
  18  7:56  Probe  
  19  8:08  Nexus  
Tags
 
Add a new tag
Caveats
  • Supply blocks, unpowered buildings, or Contaminate may cause inaccurate times.
  • Supply counts are checked every 10 seconds.